 Dungeon Crawl Stone Soup version 0.31.0-9-g3a7656b989 (webtiles) character file.

Game seed: 4210567781284722737

49 BiteMe the Firebug (level 3, -4/25 HPs)
             Began as a Demonspawn Fire Elementalist on Jan 25, 2024.
             Slain by a gnoll
             ... wielding a +1 halberd of venom
              (11 damage)
             ... on level 3 of the Dungeon.
             The game lasted 00:18:46 (3596 turns).

BiteMe the Firebug (Demonspawn Fire Elementalist)   Turns: 3596, Time: 00:18:51

Health: -4/25      AC:  3    Str:  8    XL:     3   Next: 53%
Magic:  4/6        EV: 12    Int: 17    God:
Gold:   60         SH:  0    Dex: 13    Spells: 3/6 levels left

rFire   . . .        f - +2 long sword (freeze)
rCold   . . .        (no shield)
rNeg    . . .        a - +0 robe
rPois   .            (no helmet)
rElec   .            n - +0 cloak
rCorr   .            (no gloves)
SInv    .            (no boots)
Will    .....        (no amulet)
Stlth   ++           (no ring)
HPRegen 0.24/turn    (no ring)
MPRegen 0.10/turn

%: no passive effects
@: lethally poisoned (-4 -> -14), about to teleport
A: spiny 1
a: no special abilities


You were on level 3 of the Dungeon.
You visited 1 branch of the dungeon, and saw 3 of its levels.

You collected 60 gold pieces.

Inventory:

Hand Weapons
 f - a +2 long sword of freezing (weapon)
 l - a +0 spear
 p - a +0 mace
 q - a +1 heavy hand axe
Armour
 a - a +0 robe (worn)
 n - a +0 cloak (worn)
Talismans
 o - a flux talisman
Scrolls
 c - a scroll of silence {unknown}
 e - a scroll of teleportation
 g - a scroll of revelation {unknown}
 j - a scroll of immolation {unknown}
 k - 3 scrolls of poison
 m - a scroll of fog {unknown}
Potions
 b - a potion of magic
 d - a potion of heal wounds {unknown}
 h - 2 potions of curing {unknown}
 i - a potion of resistance {unknown}


   Skills:
 * Level 0.9 Fighting
 - Level 0.3 Maces & Flails
 * Level 2.1 Dodging
 - Level 1.7 Stealth
 * Level 2.3 Spellcasting
 * Level 1.7 Conjurations
 * Level 3.1 Fire Magic


You had 3 spell levels left.
You knew the following spells:

 Your Spells              Type           Power      Damage    Failure   Level
a - Foxfire               Conj/Fire      40%        2x1d6     7%          1
b - Scorch                Fire           24%        2d6       8%          2

Your spell library contained the following spells:

 Spells                   Type           Power      Damage    Failure   Level
 Inner Flame              Hex/Fire       7%         N/A       28%         3
 Volatile Blastmotes      Fire/Tloc      14%        2d11      28%         3
 Dazzling Flash           Conj/Hex       8%         N/A       36%         3
 Mephitic Cloud           Conj/Alch/Air  3%         N/A       41%         3
 Flame Wave               Conj/Fire      10%        2d6       56%         4
 Curse of Agony           Necr           2%         N/A       99%         5
 Silence                  Hex/Air        1%         N/A       99%         5


Dungeon Overview and Level Annotations

Branches:
Dungeon (3/15)

Altars:


Innate Abilities, Weirdness & Mutations

You are partially covered in sharp spines.


Message History

g - Guard the area. f - Follow me.
Anything else - Cancel.
Okay, then.
Okay, then.
The air fills with toxic fumes!
As you read the scroll labelled PINOEMM XAMA, it crumbles to dust.
It was a scroll of poison.
You start waiting.
Done waiting.
You start waiting.
Done waiting.
As you read the scroll labelled QUECUZO VECEXT, it crumbles to dust.
You feel strangely unstable.
It was a scroll of teleportation.
Found a scroll labelled POM EDARAJOI.
Things that are here:
a +0 club; a kobold skeleton Your surroundings suddenly seem different.
A ball python and 3 gnolls come into view.
A gnoll is wielding a +1 halberd of venom.
Found a purple potion.
Found a stone staircase leading down.
The gnoll shouts!
You hear a shout!
The gnoll shouts! x2
A gnoll comes into view. It is wielding a +0 whip.
The gnoll closely misses you.
The gnoll moves out of view.
Casting: Foxfire (safe; 7% risk of failure)
Confirm with . or Enter, or press ? or * to list all spells.
Flames lash the gnoll but do no damage.
The gnoll hits you with a +1 halberd of venom.
Casting: Scorch (safe; 8% risk of failure)
Confirm with . or Enter, or press ? or * to list all spells.
Okay, then.
The gnoll hits you from afar with a +1 halberd of venom!
You are lethally poisoned!
As you read the scroll of teleportation, it crumbles to dust.
You feel strangely unstable.
* * * LOW HITPOINT WARNING * * *
You feel very sick.
The ball python is struck by your spines.
You kill the ball python!
The gnoll hits you from afar with a +1 halberd of venom!
You die...

#.........[..
#######
#.?######.....
....... ##..
##...( #.....
...#### ##...
#..... ......#
##..
#...g#......# ##.
#..!..g.....# #..
##..gg.....# #..
#...@......# #..
#.....>.......#
#..
..........#####
#.. ..........#
######.
##.........
#####...###
..#......##.
...........
#........#
#######...#..
......... #...#..
...########...###


You could see 4 gnolls.

Vanquished Creatures
  An adder (D:3)
  2 orcs (D:3)
  3 ball pythons
  2 endoplasms (D:1)
  A giant cockroach (D:1)
  2 goblins
  5 hobgoblins
  2 quokkas
  3 bats (D:1)
  4 frilled lizards
  6 kobolds
  6 rats
37 creatures vanquished.

Vanquished Creatures (others)
  67 foxfires
67 creatures vanquished.

Grand Total: 104 creatures vanquished

Notes
Turn   | Place    | Note
-------+----------+-------------------------------------------
     0 | D:1      | BiteMe the Demonspawn Fire Elementalist began the quest for
                  | the Orb.
     0 | D:1      | Reached XP level 1. HP: 13/13 MP: 3/3
  1411 | D:1      | Gained mutation: You are partially covered in sharp spines.
                  | [demonic ancestry]
  1411 | D:1      | Reached XP level 2. HP: 20/20 MP: 0/5
  1723 | D:1      | Learned a level 2 spell: Scorch
  2441 | D:1      | Found a faded altar of an unknown god.
  2454 | D:1      | Reached skill level 3 in Fire Magic
  2879 | D:2      | You fall into a shaft and drop 1 floor!
  2892 | D:3      | Reached XP level 3. HP: 25/25 MP: 4/6
  3596 | D:3      | Slain by a gnoll

Illustrated notes

Levels and vault maps discovered:
D:1:      saegor_arrival_simple_c, layout_basic,
          chequers_ecumenical_altar_simple
D:2:      layout_loops_ring, uniq_crazy_yiuf_cottage
D:3:      layout_rooms, nicolae_vehumet_altar_sigil, minmay_circle_x

Skill      XL: |  1  2 |
---------------+-------+-----
Dodging        | 2 |  2.1
Fire Magic     | 3 |  3.1
Fighting       | |  0.9
Maces & Flails | |  0.3
Stealth        | |  1.7
Spellcasting   | |  2.3
Conjurations   | |  1.7

Action                     || total
---------------------------++-------
  Melee: Club              ||    18
         Long sword        ||    10
   Cast: Foxfire           ||    42
         Scorch            ||     1
    Use: Scroll            ||     3
 Armour: Robe              ||    15
  Dodge: Dodged            ||    28
